[ AOE2 MATCH · #475066186 ]
UnrankedTurks vs Bohemians
[ REPLAY ANALYSIS · EXTRACTED FROM THE RECORDED GAME ]
Feudal
11:36
Castle
21:10
Imperial
35:42
| APM avg | 19.2 |
| APM peak | 74 |
| eAPM avg | 11.0 |
| Villagers / military | 151 / 299 |
Focus
⚔️ 25.0% · 🌾 75.0%
Janissary ×121 · Scout Cavalry ×98 · Camel Scout ×80 · Trade Cart ×5
Feudal
12:42
Castle
18:09
Imperial
32:37
| APM avg | 20.2 |
| APM peak | 55 |
| eAPM avg | 12.6 |
| Villagers / military | 145 / 303 |
Focus
⚔️ 30.4% · 🌾 69.6%
Janissary ×176 · Scout Cavalry ×94 · Bombard Cannon ×30 · Trade Cart ×11 · Monk ×3
Feudal
14:29
Castle
18:28
Imperial
35:21
| APM avg | 15.5 |
| APM peak | 45 |
| eAPM avg | 11.7 |
| Villagers / military | 170 / 262 |
Focus
⚔️ 33.3% · 🌾 66.7%
Samurai ×186 · Spearman ×64 · Trade Cart ×19 · Trebuchet (Packed) ×10 · Monk ×2
Feudal
13:31
Castle
17:26
Imperial
33:03
| APM avg | 18.3 |
| APM peak | 48 |
| eAPM avg | 14.1 |
| Villagers / military | 196 / 253 |
Focus
⚔️ 29.0% · 🌾 71.0%
Skirmisher ×90 · Archer ×80 · Battle Elephant ×42 · Scout Cavalry ×35 · Trebuchet (Packed) ×6
Feudal
11:35
Castle
15:38
Imperial
35:24
| APM avg | 33.7 |
| APM peak | 185 |
| eAPM avg | 24.0 |
| Villagers / military | 263 / 232 |
Focus
⚔️ 22.8% · 🌾 77.2%
Spearman ×205 · Trade Cart ×23 · Scorpion ×10 · Bombard Cannon ×10 · Monk ×7
Feudal
14:45
Castle
18:48
Imperial
33:58
| APM avg | 21.9 |
| APM peak | 63 |
| eAPM avg | 16.4 |
| Villagers / military | 175 / 677 |
Focus
⚔️ 34.6% · 🌾 65.4%
Scout Cavalry ×443 · Camel Archer ×225 · Trade Cart ×40 · Trebuchet (Packed) ×8 · Monk ×1
Feudal
12:55
Castle
17:06
Imperial
31:31
| APM avg | 30.8 |
| APM peak | 137 |
| eAPM avg | 20.5 |
| Villagers / military | 143 / 256 |
Focus
⚔️ 29.3% · 🌾 70.7%
Scout Cavalry ×100 · Janissary ×77 · Camel Scout ×58 · Trade Cart ×14 · Bombard Cannon ×11 · Monk ×10
Feudal
11:22
Castle
15:04
Imperial
30:46
| APM avg | 22.0 |
| APM peak | 82 |
| eAPM avg | 17.3 |
| Villagers / military | 210 / 484 |
Focus
⚔️ 21.2% · 🌾 78.8%
Spearman ×380 · Mangonel ×51 · Scorpion ×35 · Trade Cart ×31 · Trebuchet (Packed) ×9 · Serjeant ×5
Match map
Initial resources + every placement click. Lines = walls · curves = elevation contours. ◆ gold · ⬟ stone · ● berries · ✦ relic · ◌ wall gap
Your base· ✓ Closed at 21:10 · 30t walls · 1 gate(s)
Pneumonia Slayer's base· ✓ Closed at 18:09 · 9t walls · no gate
|CURSED|'s base· ✓ Closed at 18:28 · 22t walls · no gate
Kamaboko Gonpachiro's base· ✓ Closed at 17:26 · 46t walls · no gate
SazaeSan's base· ✓ Closed at 15:38 · 75t walls · no gate
Squirrel's base· ✓ Closed at 18:48 · 51t walls · no gate
jojobobo's base· ✓ Closed at 17:06 · 0t walls · no gate
Bastian's base· ✓ Closed at 15:04 · 0t walls · no gate
Smoothed initial terrain · ◌ = detected wall gap · hover for details
Inputs per minute
— Caroochen - - Pneumonia Slayer
Build order — Caroochen
First 150 of 349 actions detected
| 0:03 | Build | House |
| 0:09 | Build | House |
| 0:13 | Create | Villager (Male) ×4 |
| 0:13 | Create | Villager (Male) ×4 |
| 0:13 | Create | Villager (Male) ×4 |
| 1:41 | Research | Loom |
| 1:41 | Research | Loom |
| 1:41 | Create | Villager (Male) |
| 1:42 | Create | Villager (Male) |
| 2:25 | Create | Villager (Male) |
| 2:25 | Create | Villager (Male) |
| 2:25 | Create | Villager (Male) ×2 |
| 2:25 | Create | Villager (Male) ×2 |
| 3:17 | Build | Lumber Camp |
| 4:04 | Create | Villager (Male) ×2 |
| 4:04 | Create | Villager (Male) ×2 |
| 4:16 | Build | Palisade Wall |
| 4:26 | Create | Villager (Male) |
| 4:26 | Create | Villager (Male) |
| 4:27 | Create | Villager (Male) |
| 5:37 | Build | Mill |
| 5:41 | Create | Villager (Male) |
| 5:42 | Create | Villager (Male) |
| 5:42 | Create | Villager (Male) |
| 5:42 | Create | Villager (Male) |
| 6:11 | Build | House |
| 6:30 | Build | Outpost |
| 6:35 | Build | Outpost |
| 6:45 | Create | Villager (Male) |
| 6:45 | Create | Villager (Male) |
| 6:45 | Create | Villager (Male) |
| 6:45 | Create | Villager (Male) |
| 6:46 | Create | Villager (Male) |
| 8:11 | Build | Lumber Camp |
| 9:26 | Research | Feudal Age |
| 11:36 | Age | Feudal Age |
| 12:23 | Create | Villager (Male) ×5 |
| 12:23 | Create | Villager (Male) ×5 |
| 12:24 | Create | Villager (Male) ×3 |
| 12:24 | Create | Villager (Male) ×3 |
| 13:08 | Build | Mining Camp |
| 13:20 | Build | House |
| 13:59 | Create | Villager (Male) |
| 14:34 | Build | Stone Wall |
| 14:43 | Build | Gate |
| 15:25 | Build | Market |
| 15:30 | Build | Blacksmith |
| 15:35 | Research | Double-Bit Axe |
| 15:53 | Build | House |
| 16:49 | Build | Farm |
| 16:52 | Build | Farm |
| 16:56 | Build | Farm |
| 16:58 | Build | Farm |
| 16:59 | Build | Farm |
| 17:00 | Build | Farm |
| 17:28 | Build | Farm |
| 17:33 | Build | Farm |
| 18:30 | Research | Castle Age |
| 18:30 | Research | Castle Age |
| 19:38 | Build | House |
| 19:40 | Build | House |
| 19:48 | Build | House |
| 19:50 | Build | House |
| 20:13 | Research | Horse Collar |
| 20:54 | Create | Villager (Male) |
| 20:55 | Create | Villager (Male) |
| 20:55 | Create | Villager (Male) |
| 20:55 | Create | Villager (Male) |
| 20:55 | Create | Villager (Male) |
| 20:56 | Create | Villager (Male) |
| 20:56 | Create | Villager (Male) |
| 21:10 | Age | Castle Age |
| 21:13 | Build | Town Center |
| 21:52 | Build | Town Center |
| 22:11 | Create | Villager (Male) ×5 |
| 22:19 | Create | Villager (Male) ×3 |
| 22:19 | Create | Villager (Male) ×3 |
| 22:19 | Create | Villager (Male) ×3 |
| 22:19 | Create | Villager (Male) |
| 22:19 | Create | Villager (Male) |
| 22:25 | Create | Villager (Male) |
| 22:25 | Create | Villager (Male) |
| 22:38 | Build | Farm |
| 23:08 | Create | Villager (Male) |
| 23:08 | Create | Villager (Male) |
| 23:09 | Create | Villager (Male) |
| 23:09 | Create | Villager (Male) |
| 23:40 | Create | Villager (Male) |
| 23:40 | Create | Villager (Male) |
| 23:44 | Build | Farm |
| 24:01 | Create | Villager (Male) |
| 24:02 | Create | Villager (Male) |
| 24:04 | Create | Villager (Male) |
| 24:12 | Build | Farm |
| 24:20 | Build | Farm |
| 24:24 | Build | Farm |
| 24:49 | Create | Villager (Male) |
| 24:52 | Create | Villager (Male) |
| 25:24 | Build | Mill |
| 25:27 | Build | Farm |
| 25:36 | Build | Farm |
| 25:42 | Create | Villager (Male) |
| 25:43 | Create | Villager (Male) |
| 25:43 | Create | Villager (Male) |
| 25:45 | Create | Villager (Male) |
| 25:45 | Create | Villager (Male) |
| 25:52 | Build | Farm |
| 25:55 | Build | Farm |
| 26:28 | Create | Trade Cart |
| 26:28 | Create | Trade Cart |
| 26:39 | Build | Farm |
| 26:41 | Create | Villager (Male) |
| 26:41 | Create | Villager (Male) |
| 26:44 | Create | Villager (Male) |
| 26:45 | Create | Villager (Male) |
| 26:48 | Create | Villager (Male) |
| 26:48 | Create | Villager (Male) |
| 27:05 | Build | Barracks |
| 27:22 | Build | House |
| 27:24 | Build | House |
| 27:25 | Build | House |
| 28:11 | Create | Villager (Male) |
| 28:11 | Create | Villager (Male) |
| 28:13 | Create | Villager (Male) |
| 28:13 | Create | Villager (Male) |
| 28:13 | Create | Villager (Male) |
| 28:17 | Create | Villager (Male) |
| 28:18 | Create | Villager (Male) |
| 28:18 | Create | Villager (Male) |
| 28:39 | Build | Farm |
| 28:41 | Create | Villager (Male) |
| 28:41 | Create | Villager (Male) |
| 28:43 | Create | Villager (Male) |
| 28:43 | Create | Villager (Male) |
| 29:17 | Build | Farm |
| 29:20 | Build | Farm |
| 29:24 | Build | Farm |
| 29:52 | Build | Market |
| 30:02 | Build | Farm |
| 30:03 | Build | Farm |
| 30:12 | Build | Farm |
| 30:13 | Build | Farm |
| 30:15 | Build | Farm |
| 30:25 | Build | Farm |
| 30:39 | Build | Castle |
| 31:02 | Create | Villager (Male) |
| 31:02 | Create | Villager (Male) |
| 31:05 | Create | Villager (Male) |
| 31:05 | Create | Villager (Male) |
| 31:06 | Create | Villager (Male) |
Build order — Pneumonia Slayer
First 150 of 398 actions detected
| 0:02 | Create | Villager (Male) ×4 |
| 0:04 | Build | House |
| 0:06 | Build | House |
| 0:08 | Build | House |
| 1:00 | Build | House |
| 1:02 | Build | House |
| 2:17 | Create | Villager (Male) |
| 2:17 | Create | Villager (Male) |
| 2:18 | Create | Villager (Male) |
| 3:05 | Create | Villager (Male) |
| 3:05 | Create | Villager (Male) |
| 3:06 | Create | Villager (Male) |
| 3:46 | Research | Loom |
| 4:03 | Create | Villager (Male) |
| 4:04 | Create | Villager (Male) |
| 4:17 | Build | Lumber Camp |
| 4:44 | Create | Villager (Male) |
| 4:45 | Create | Villager (Male) |
| 5:10 | Create | Villager (Male) |
| 5:10 | Create | Villager (Male) |
| 5:44 | Create | Villager (Male) |
| 6:21 | Create | Villager (Male) |
| 6:22 | Create | Villager (Male) |
| 6:38 | Create | Villager (Male) |
| 6:38 | Create | Villager (Male) |
| 6:51 | Build | Mill |
| 7:35 | Create | Villager (Male) |
| 7:35 | Create | Villager (Male) |
| 7:58 | Build | Farm |
| 7:58 | Build | Farm |
| 8:05 | Create | Villager (Male) |
| 8:05 | Create | Villager (Male) |
| 8:22 | Build | Lumber Camp |
| 8:36 | Create | Villager (Male) |
| 8:37 | Create | Villager (Male) |
| 8:37 | Create | Villager (Male) |
| 8:51 | Create | Villager (Male) |
| 8:51 | Create | Villager (Male) |
| 10:05 | Create | Villager (Male) |
| 10:05 | Create | Villager (Male) |
| 10:25 | Build | Farm |
| 10:32 | Research | Feudal Age |
| 10:51 | Build | Mining Camp |
| 11:13 | Build | Farm |
| 11:13 | Build | Farm |
| 11:18 | Build | Farm |
| 11:19 | Build | Farm |
| 12:42 | Age | Feudal Age |
| 12:46 | Build | Market |
| 13:04 | Build | Blacksmith |
| 13:07 | Create | Villager (Male) |
| 13:08 | Create | Villager (Male) |
| 13:13 | Build | House |
| 13:14 | Build | House |
| 13:28 | Research | Wheelbarrow |
| 13:44 | Build | Stone Wall |
| 14:05 | Build | Mining Camp |
| 14:44 | Create | Villager (Male) |
| 15:29 | Research | Castle Age |
| 16:16 | Research | Stone Mining |
| 16:36 | Research | Double-Bit Axe |
| 17:20 | Research | Horse Collar |
| 18:09 | Age | Castle Age |
| 18:11 | Build | Town Center |
| 18:19 | Build | Town Center |
| 18:26 | Create | Villager (Male) |
| 18:26 | Create | Villager (Male) |
| 18:26 | Create | Villager (Male) |
| 19:18 | Create | Villager (Male) |
| 19:19 | Create | Villager (Male) |
| 19:19 | Create | Villager (Male) |
| 19:19 | Create | Villager (Male) |
| 19:25 | Create | Villager (Male) |
| 19:25 | Create | Villager (Male) |
| 19:26 | Create | Villager (Male) |
| 19:26 | Create | Villager (Male) |
| 19:33 | Build | Farm |
| 19:33 | Build | Farm |
| 19:59 | Build | Farm |
| 20:06 | Create | Villager (Male) |
| 20:06 | Create | Villager (Male) |
| 20:09 | Build | Farm |
| 20:10 | Build | Farm |
| 20:27 | Build | Farm |
| 20:34 | Build | Farm |
| 20:37 | Create | Villager (Male) |
| 20:43 | Build | Farm |
| 20:51 | Create | Villager (Male) |
| 20:52 | Create | Villager (Male) |
| 21:03 | Build | House |
| 21:05 | Build | House |
| 21:06 | Build | House |
| 21:07 | Build | House |
| 21:08 | Build | House |
| 21:09 | Build | House |
| 21:20 | Build | Farm |
| 21:31 | Build | Farm |
| 21:33 | Create | Villager (Male) |
| 21:34 | Create | Villager (Male) |
| 21:34 | Create | Villager (Male) |
| 21:42 | Create | Villager (Male) |
| 21:58 | Build | Monastery |
| 22:01 | Create | Villager (Male) |
| 22:22 | Create | Villager (Male) |
| 22:23 | Create | Villager (Male) |
| 22:25 | Build | Farm |
| 22:31 | Build | University |
| 22:48 | Create | Monk |
| 22:55 | Build | Farm |
| 22:58 | Create | Villager (Male) |
| 22:59 | Create | Villager (Male) |
| 22:59 | Create | Villager (Male) |
| 23:02 | Create | Villager (Male) |
| 23:23 | Build | Market |
| 23:25 | Build | Farm |
| 23:32 | Build | Mill |
| 23:37 | Create | Villager (Male) |
| 23:39 | Create | Villager (Male) |
| 23:41 | Create | Villager (Male) |
| 23:44 | Build | Farm |
| 23:46 | Create | Monk |
| 23:58 | Create | Villager (Male) |
| 23:59 | Create | Villager (Male) |
| 24:03 | Build | Farm |
| 24:03 | Build | Farm |
| 24:03 | Build | Farm |
| 24:04 | Build | Farm |
| 24:07 | Build | Farm |
| 24:24 | Research | Bow Saw |
| 24:24 | Research | Bow Saw |
| 24:27 | Build | House |
| 24:28 | Build | House |
| 24:29 | Build | House |
| 24:30 | Build | House |
| 24:31 | Build | House |
| 24:34 | Build | Farm |
| 24:37 | Create | Villager (Male) |
| 24:45 | Create | Villager (Male) |
| 24:54 | Create | Villager (Male) |
| 25:18 | Build | Mining Camp |
| 25:29 | Create | Monk |
| 25:35 | Create | Villager (Male) |
| 25:35 | Create | Villager (Male) |
| 25:38 | Research | Hand Cart |
| 25:43 | Build | Farm |
| 25:43 | Build | Farm |
| 25:44 | Build | Farm |
| 25:44 | Build | Farm |
| 25:45 | Build | Farm |
| 25:45 | Build | Farm |
Build order — |CURSED|
First 150 of 486 actions detected
| 0:02 | Create | Villager (Male) |
| 0:02 | Create | Villager (Male) |
| 0:03 | Create | Villager (Male) |
| 0:03 | Create | Villager (Male) |
| 0:03 | Create | Villager (Male) |
| 0:06 | Build | House |
| 0:08 | Build | House |
| 1:33 | Create | Villager (Male) |
| 2:18 | Build | Lumber Camp |
| 2:23 | Create | Villager (Male) |
| 2:40 | Create | Villager (Male) |
| 2:41 | Create | Villager (Male) |
| 3:17 | Build | Palisade Wall |
| 3:18 | Create | Villager (Male) |
| 3:19 | Create | Villager (Male) |
| 3:43 | Create | Villager (Male) |
| 4:11 | Create | Villager (Male) |
| 4:11 | Create | Villager (Male) |
| 4:38 | Build | House |
| 4:49 | Create | Villager (Male) |
| 4:49 | Create | Villager (Male) |
| 5:29 | Create | Villager (Male) |
| 5:29 | Create | Villager (Male) |
| 5:36 | Build | House |
| 5:44 | Create | Villager (Male) |
| 5:45 | Create | Villager (Male) |
| 6:15 | Create | Villager (Male) |
| 6:36 | Create | Villager (Male) |
| 6:37 | Create | Villager (Male) |
| 7:06 | Create | Villager (Male) |
| 7:36 | Create | Villager (Male) |
| 7:38 | Research | Loom |
| 7:42 | Create | Villager (Male) |
| 8:04 | Build | Mill |
| 8:19 | Create | Villager (Male) |
| 8:19 | Create | Villager (Male) |
| 8:21 | Create | Villager (Male) |
| 8:23 | Create | Villager (Male) |
| 8:49 | Create | Villager (Male) |
| 8:55 | Build | House |
| 9:33 | Build | Mill |
| 9:37 | Build | Lumber Camp |
| 9:39 | Create | Villager (Male) |
| 9:39 | Create | Villager (Male) |
| 9:45 | Build | Farm |
| 9:46 | Build | Farm |
| 9:50 | Build | Farm |
| 9:52 | Build | Farm |
| 9:54 | Create | Villager (Male) |
| 9:54 | Create | Villager (Male) |
| 10:21 | Build | Mill |
| 11:02 | Build | Mining Camp |
| 12:19 | Research | Feudal Age |
| 12:32 | Build | Farm |
| 12:34 | Build | Farm |
| 12:35 | Build | Farm |
| 13:18 | Create | Villager (Male) |
| 13:19 | Create | Villager (Male) |
| 14:29 | Age | Feudal Age |
| 14:45 | Build | Market |
| 14:50 | Build | Blacksmith |
| 15:21 | Build | Stone Wall |
| 15:31 | Build | Mining Camp |
| 15:48 | Research | Castle Age |
| 15:57 | Research | Double-Bit Axe |
| 16:00 | Research | Horse Collar |
| 16:10 | Build | Mining Camp |
| 16:43 | Build | House |
| 18:28 | Age | Castle Age |
| 18:31 | Build | Town Center |
| 18:51 | Build | Town Center |
| 19:05 | Create | Villager (Male) |
| 19:05 | Create | Villager (Male) |
| 19:05 | Create | Villager (Male) |
| 19:10 | Research | Wheelbarrow |
| 20:14 | Create | Villager (Male) |
| 20:15 | Create | Villager (Male) |
| 20:15 | Create | Villager (Male) |
| 20:18 | Create | Villager (Male) |
| 20:18 | Create | Villager (Male) |
| 20:18 | Create | Villager (Male) |
| 20:18 | Create | Villager (Male) |
| 20:18 | Create | Villager (Male) |
| 20:19 | Create | Villager (Male) ×5 |
| 20:20 | Create | Villager (Male) ×3 |
| 20:20 | Create | Villager (Male) ×3 |
| 20:22 | Create | Villager (Male) |
| 20:22 | Create | Villager (Male) |
| 21:06 | Build | Farm |
| 21:22 | Build | Farm |
| 21:41 | Build | Town Center |
| 21:47 | Create | Villager (Male) |
| 21:47 | Create | Villager (Male) |
| 21:48 | Create | Villager (Male) |
| 21:48 | Create | Villager (Male) |
| 21:48 | Create | Villager (Male) |
| 21:48 | Create | Villager (Male) |
| 21:56 | Build | Farm |
| 21:57 | Build | Farm |
| 21:58 | Build | Farm |
| 21:59 | Build | Farm |
| 22:04 | Build | Farm |
| 22:09 | Build | Farm |
| 22:38 | Build | House |
| 22:47 | Build | Farm |
| 22:57 | Create | Villager (Male) |
| 22:57 | Create | Villager (Male) |
| 22:57 | Create | Villager (Male) |
| 22:58 | Create | Villager (Male) |
| 22:58 | Create | Villager (Male) |
| 22:58 | Create | Villager (Male) |
| 23:37 | Create | Villager (Male) |
| 23:37 | Create | Villager (Male) |
| 23:38 | Create | Villager (Male) |
| 23:38 | Create | Villager (Male) |
| 23:43 | Build | Farm |
| 23:47 | Build | Farm |
| 23:53 | Build | Farm |
| 23:57 | Build | Farm |
| 23:58 | Build | Farm |
| 24:03 | Build | Farm |
| 24:06 | Build | House |
| 24:22 | Build | Farm |
| 24:32 | Build | Farm |
| 24:35 | Create | Villager (Male) |
| 24:35 | Create | Villager (Male) |
| 24:36 | Create | Villager (Male) |
| 24:36 | Create | Villager (Male) |
| 24:36 | Create | Villager (Male) |
| 24:36 | Create | Villager (Male) |
| 24:41 | Build | House |
| 24:42 | Build | House |
| 24:43 | Build | House |
| 24:45 | Build | House |
| 24:50 | Create | Villager (Male) |
| 24:50 | Create | Villager (Male) |
| 24:50 | Create | Villager (Male) |
| 25:02 | Build | Farm |
| 25:04 | Build | Farm |
| 25:05 | Build | Farm |
| 25:08 | Create | Villager (Male) |
| 25:08 | Create | Villager (Male) |
| 25:09 | Create | Villager (Male) |
| 25:13 | Build | Farm |
| 25:15 | Build | Farm |
| 25:24 | Create | Villager (Male) |
| 25:24 | Create | Villager (Male) |
| 25:24 | Create | Villager (Male) |
| 25:24 | Create | Villager (Male) |
| 25:44 | Build | House |
Build order — Kamaboko Gonpachiro
First 150 of 527 actions detected
| 0:01 | Create | Villager (Male) |
| 0:02 | Create | Villager (Male) |
| 0:02 | Create | Villager (Male) |
| 0:02 | Create | Villager (Male) |
| 0:03 | Create | Villager (Male) |
| 0:05 | Build | House |
| 0:07 | Build | House |
| 1:31 | Create | Villager (Male) |
| 1:32 | Create | Villager (Male) |
| 2:08 | Create | Villager (Male) |
| 2:08 | Create | Villager (Male) |
| 2:43 | Create | Villager (Male) |
| 2:46 | Research | Loom |
| 3:04 | Create | Villager (Male) |
| 3:05 | Create | Villager (Male) |
| 3:06 | Create | Villager (Male) |
| 3:06 | Create | Villager (Male) |
| 3:07 | Create | Villager (Male) |
| 3:45 | Create | Villager (Male) |
| 3:46 | Create | Villager (Male) |
| 4:15 | Create | Villager (Male) |
| 5:01 | Build | Lumber Camp |
| 5:05 | Create | Villager (Male) |
| 5:06 | Create | Villager (Male) |
| 5:06 | Create | Villager (Male) |
| 5:18 | Build | House |
| 6:23 | Create | Villager (Male) |
| 6:23 | Create | Villager (Male) |
| 6:23 | Create | Villager (Male) |
| 6:33 | Build | Palisade Wall |
| 6:45 | Build | Palisade Wall |
| 6:51 | Build | Palisade Wall |
| 6:54 | Create | Villager (Male) |
| 6:55 | Create | Villager (Male) |
| 6:55 | Create | Villager (Male) |
| 7:32 | Build | Palisade Wall |
| 7:36 | Create | Villager (Male) |
| 7:37 | Create | Villager (Male) |
| 7:47 | Create | Villager (Male) |
| 7:47 | Create | Villager (Male) |
| 8:11 | Build | House |
| 8:34 | Build | Mill |
| 8:48 | Build | Palisade Wall |
| 8:53 | Create | Villager (Male) |
| 9:14 | Build | Mill |
| 9:47 | Build | Mill |
| 9:54 | Create | Villager (Male) |
| 10:25 | Build | Mining Camp |
| 10:57 | Build | House |
| 11:21 | Research | Feudal Age |
| 12:45 | Create | Villager (Male) |
| 13:22 | Create | Villager (Male) |
| 13:31 | Age | Feudal Age |
| 13:37 | Build | Blacksmith |
| 13:47 | Build | Market |
| 14:19 | Create | Villager (Male) |
| 14:40 | Research | Castle Age |
| 14:47 | Build | Farm |
| 14:48 | Build | Farm |
| 14:49 | Build | Farm |
| 15:00 | Build | Stone Wall |
| 15:08 | Build | Mining Camp |
| 15:15 | Build | Stone Wall |
| 16:13 | Research | Double-Bit Axe |
| 17:26 | Age | Castle Age |
| 17:33 | Build | Town Center |
| 17:36 | Create | Villager (Male) |
| 17:36 | Create | Villager (Male) |
| 17:50 | Build | Town Center |
| 17:56 | Research | Bow Saw |
| 17:57 | Research | Bow Saw |
| 18:31 | Create | Villager (Male) |
| 18:33 | Create | Villager (Male) |
| 18:35 | Build | House |
| 18:56 | Create | Villager (Male) |
| 18:57 | Create | Villager (Male) |
| 18:57 | Create | Villager (Male) |
| 18:57 | Create | Villager (Male) |
| 18:58 | Create | Villager (Male) |
| 19:02 | Build | Farm |
| 19:03 | Build | Farm |
| 19:03 | Build | Farm |
| 19:23 | Create | Villager (Male) |
| 19:46 | Build | Farm |
| 19:47 | Build | Farm |
| 19:47 | Build | Farm |
| 19:51 | Create | Villager (Male) |
| 19:51 | Create | Villager (Male) |
| 20:14 | Build | Farm |
| 20:16 | Build | Farm |
| 20:17 | Build | Farm |
| 20:25 | Build | Farm |
| 20:26 | Build | Farm |
| 20:27 | Build | Farm |
| 20:27 | Build | Farm |
| 20:29 | Create | Villager (Male) |
| 20:30 | Create | Villager (Male) |
| 20:51 | Build | Farm |
| 20:52 | Build | Farm |
| 20:52 | Build | Farm |
| 20:53 | Build | Farm |
| 20:54 | Build | Farm |
| 20:54 | Build | Farm |
| 20:55 | Build | Farm |
| 20:55 | Build | Farm |
| 20:56 | Build | Farm |
| 20:56 | Build | Farm |
| 20:57 | Build | Farm |
| 20:57 | Build | Farm |
| 20:57 | Build | Farm |
| 20:58 | Build | Farm |
| 20:58 | Build | Farm |
| 20:58 | Build | Farm |
| 20:59 | Build | Farm |
| 20:59 | Build | Farm |
| 21:08 | Build | Farm |
| 21:09 | Build | Farm |
| 21:11 | Create | Villager (Male) |
| 21:12 | Create | Villager (Male) |
| 21:24 | Create | Villager (Male) |
| 21:29 | Create | Villager (Male) |
| 21:36 | Create | Villager (Male) |
| 21:48 | Build | Farm |
| 21:49 | Build | Farm |
| 21:49 | Build | Farm |
| 21:51 | Create | Villager (Male) |
| 21:56 | Build | House |
| 21:58 | Build | House |
| 22:03 | Create | Villager (Male) |
| 22:04 | Create | Villager (Male) |
| 22:18 | Create | Villager (Male) |
| 22:34 | Build | House |
| 22:35 | Build | House |
| 22:38 | Build | House |
| 22:39 | Create | Villager (Male) |
| 22:40 | Create | Villager (Male) |
| 22:40 | Create | Villager (Male) |
| 22:57 | Create | Villager (Male) |
| 22:58 | Create | Villager (Male) |
| 22:58 | Create | Villager (Male) |
| 23:00 | Create | Villager (Male) |
| 23:00 | Create | Villager (Male) |
| 23:07 | Build | Farm |
| 23:07 | Build | Farm |
| 23:08 | Build | Farm |
| 23:09 | Build | Farm |
| 23:11 | Create | Villager (Male) |
| 23:11 | Create | Villager (Male) |
| 23:26 | Build | Castle |
| 23:31 | Create | Villager (Male) |
Build order — SazaeSan
First 150 of 601 actions detected
| 0:01 | Create | Villager (Male) |
| 0:02 | Build | House |
| 0:04 | Build | House |
| 0:17 | Create | Villager (Male) |
| 0:17 | Create | Villager (Male) |
| 0:18 | Create | Villager (Male) |
| 0:18 | Create | Villager (Male) |
| 1:34 | Research | Loom |
| 1:56 | Create | Villager (Male) |
| 1:56 | Create | Villager (Male) |
| 2:09 | Build | Palisade Wall |
| 2:41 | Build | Lumber Camp |
| 2:55 | Create | Villager (Male) |
| 2:56 | Create | Villager (Male) |
| 2:56 | Create | Villager (Male) |
| 2:56 | Create | Villager (Male) |
| 3:27 | Create | Villager (Male) |
| 3:27 | Create | Villager (Male) |
| 3:59 | Build | House |
| 4:10 | Create | Villager (Male) |
| 4:10 | Create | Villager (Male) |
| 4:47 | Create | Villager (Male) |
| 4:56 | Build | Palisade Wall |
| 5:27 | Build | Palisade Wall |
| 5:37 | Create | Villager (Male) |
| 5:38 | Create | Villager (Male) |
| 5:38 | Create | Villager (Male) |
| 6:10 | Build | House |
| 6:45 | Build | Palisade Wall |
| 6:51 | Create | Villager (Male) |
| 6:57 | Build | Mill |
| 7:12 | Create | Villager (Male) |
| 7:12 | Create | Villager (Male) |
| 7:44 | Create | Villager (Male) |
| 7:44 | Create | Villager (Male) |
| 7:50 | Build | Mill |
| 8:15 | Build | Mining Camp |
| 8:32 | Create | Villager (Male) |
| 9:25 | Research | Feudal Age |
| 9:47 | Build | House |
| 9:48 | Build | House |
| 9:56 | Build | Palisade Wall |
| 11:30 | Create | Villager (Male) |
| 11:30 | Create | Villager (Male) |
| 11:30 | Create | Villager (Male) |
| 11:35 | Age | Feudal Age |
| 11:41 | Build | Blacksmith |
| 11:45 | Build | Market |
| 12:21 | Build | Palisade Wall |
| 12:58 | Research | Castle Age |
| 13:24 | Research | Double-Bit Axe |
| 14:00 | Research | Horse Collar |
| 14:20 | Build | House |
| 14:21 | Build | House |
| 14:22 | Build | House |
| 14:26 | Build | House |
| 14:26 | Build | House |
| 14:47 | Create | Villager (Male) |
| 15:29 | Build | Farm |
| 15:38 | Age | Castle Age |
| 15:39 | Build | Town Center |
| 15:44 | Build | Town Center |
| 15:58 | Research | Bow Saw |
| 16:04 | Create | Villager (Male) |
| 16:04 | Create | Villager (Male) |
| 16:05 | Build | Farm |
| 16:09 | Build | Farm |
| 16:15 | Build | Farm |
| 16:20 | Build | Farm |
| 16:26 | Build | Farm |
| 16:29 | Create | Villager (Male) |
| 16:34 | Build | Farm |
| 16:35 | Build | Farm |
| 16:51 | Create | Villager (Male) |
| 16:56 | Build | Farm |
| 17:08 | Build | Farm |
| 17:15 | Create | Villager (Male) |
| 17:16 | Create | Villager (Male) |
| 17:24 | Build | Farm |
| 17:26 | Create | Villager (Male) |
| 17:26 | Create | Villager (Male) |
| 17:32 | Build | Farm |
| 17:39 | Build | Farm |
| 17:41 | Create | Villager (Male) |
| 17:41 | Create | Villager (Male) |
| 17:51 | Build | Farm |
| 17:52 | Build | Farm |
| 18:00 | Create | Villager (Male) |
| 18:08 | Build | Farm |
| 18:12 | Create | Villager (Male) |
| 18:15 | Build | Farm |
| 18:16 | Build | Farm |
| 18:21 | Create | Villager (Male) |
| 18:21 | Create | Villager (Male) |
| 18:25 | Build | Farm |
| 18:31 | Build | Farm |
| 18:36 | Build | Farm |
| 18:37 | Create | Villager (Male) |
| 18:38 | Create | Villager (Male) |
| 18:48 | Build | Farm |
| 18:54 | Create | Villager (Male) |
| 18:54 | Create | Villager (Male) |
| 18:54 | Create | Villager (Male) |
| 19:00 | Build | Farm |
| 19:04 | Create | Villager (Male) |
| 19:04 | Create | Villager (Male) |
| 19:08 | Build | Farm |
| 19:15 | Create | Villager (Male) |
| 19:15 | Create | Villager (Male) |
| 19:16 | Create | Villager (Male) |
| 19:23 | Create | Villager (Male) |
| 19:23 | Create | Villager (Male) |
| 19:34 | Create | Villager (Male) |
| 19:34 | Create | Villager (Male) |
| 19:37 | Create | Villager (Male) |
| 19:43 | Create | Villager (Male) |
| 19:56 | Create | Villager (Male) |
| 19:57 | Create | Villager (Male) |
| 19:57 | Create | Villager (Male) |
| 19:59 | Create | Villager (Male) |
| 19:59 | Create | Villager (Male) |
| 20:11 | Build | Town Center |
| 20:17 | Create | Villager (Male) |
| 20:18 | Create | Villager (Male) |
| 20:18 | Create | Villager (Male) |
| 20:34 | Create | Villager (Male) |
| 20:34 | Create | Villager (Male) |
| 20:34 | Create | Villager (Male) |
| 20:45 | Build | Farm |
| 20:52 | Build | Farm |
| 20:53 | Build | Farm |
| 20:54 | Build | Farm |
| 21:00 | Create | Villager (Male) |
| 21:00 | Create | Villager (Male) |
| 21:01 | Create | Villager (Male) |
| 21:01 | Create | Villager (Male) |
| 21:01 | Create | Villager (Male) |
| 21:01 | Create | Villager (Male) |
| 21:27 | Build | Town Center |
| 21:29 | Create | Villager (Male) |
| 21:30 | Create | Villager (Male) |
| 21:30 | Create | Villager (Male) |
| 21:30 | Create | Villager (Male) |
| 21:43 | Build | House |
| 21:44 | Build | House |
| 21:45 | Build | House |
| 21:46 | Build | House |
| 21:47 | Build | House |
| 21:49 | Create | Villager (Male) |
| 21:49 | Create | Villager (Male) |
Build order — Squirrel
First 150 of 497 actions detected
| 0:02 | Create | Villager (Male) |
| 0:02 | Create | Villager (Male) |
| 0:02 | Create | Villager (Male) |
| 0:03 | Build | House |
| 0:05 | Build | House |
| 0:32 | Create | Villager (Male) |
| 1:01 | Research | Loom |
| 1:53 | Create | Villager (Male) |
| 2:09 | Build | Palisade Wall |
| 2:16 | Create | Villager (Male) |
| 2:17 | Create | Villager (Male) |
| 2:38 | Create | Villager (Male) |
| 2:45 | Build | House |
| 3:27 | Create | Villager (Male) ×2 |
| 3:38 | Build | Palisade Wall |
| 3:47 | Create | Villager (Male) |
| 3:48 | Create | Villager (Male) |
| 4:12 | Build | Lumber Camp |
| 4:15 | Create | Villager (Male) |
| 4:16 | Create | Villager (Male) |
| 4:48 | Build | Palisade Wall |
| 4:52 | Create | Villager (Male) |
| 4:52 | Create | Villager (Male) |
| 5:23 | Create | Villager (Male) |
| 5:24 | Create | Villager (Male) |
| 5:24 | Create | Villager (Male) |
| 5:24 | Create | Villager (Male) |
| 5:36 | Build | Palisade Wall |
| 5:46 | Build | House |
| 5:47 | Build | House |
| 6:36 | Create | Villager (Male) ×2 |
| 6:49 | Build | Mill |
| 6:59 | Build | Lumber Camp |
| 7:21 | Create | Villager (Male) |
| 7:21 | Create | Villager (Male) |
| 7:43 | Build | Lumber Camp |
| 8:24 | Create | Villager (Male) |
| 8:24 | Create | Villager (Male) |
| 8:24 | Create | Villager (Male) |
| 8:24 | Create | Villager (Male) |
| 8:25 | Create | Villager (Male) |
| 8:25 | Create | Villager (Male) |
| 8:58 | Create | Villager (Male) |
| 9:04 | Build | Mill |
| 9:13 | Build | Mining Camp |
| 9:59 | Build | Mill |
| 10:54 | Create | Villager (Male) |
| 11:08 | Create | Villager (Male) |
| 11:14 | Build | House |
| 11:45 | Create | Villager (Male) |
| 12:08 | Create | Villager (Male) |
| 12:09 | Research | Feudal Age |
| 12:53 | Build | Farm |
| 12:53 | Build | Farm |
| 12:54 | Build | Farm |
| 12:54 | Build | Farm |
| 12:54 | Build | Farm |
| 13:11 | Build | Mining Camp |
| 13:46 | Create | Villager (Male) |
| 13:46 | Create | Villager (Male) |
| 13:46 | Create | Villager (Male) |
| 14:23 | Build | Lumber Camp |
| 14:45 | Age | Feudal Age |
| 14:48 | Build | Market |
| 14:54 | Build | Blacksmith |
| 15:10 | Research | Double-Bit Axe |
| 15:36 | Build | Stone Wall |
| 15:59 | Build | Stone Wall |
| 16:08 | Research | Castle Age |
| 16:15 | Research | Horse Collar |
| 17:00 | Research | Gold Mining |
| 17:04 | Research | Stone Mining |
| 17:28 | Build | Farm |
| 17:29 | Build | Farm |
| 17:29 | Build | Farm |
| 17:36 | Build | Farm |
| 17:36 | Build | Farm |
| 17:36 | Build | Farm |
| 17:36 | Build | Farm |
| 17:37 | Build | Farm |
| 17:43 | Create | Villager (Male) |
| 17:43 | Create | Villager (Male) |
| 17:43 | Create | Villager (Male) |
| 17:51 | Build | House |
| 17:54 | Build | House |
| 18:48 | Age | Castle Age |
| 18:51 | Build | Town Center |
| 18:58 | Build | Town Center |
| 19:04 | Research | Bow Saw |
| 19:07 | Research | Heavy Plow |
| 19:14 | Build | Farm |
| 19:17 | Build | Farm |
| 19:32 | Create | Villager (Male) |
| 19:41 | Build | Farm |
| 20:03 | Create | Villager (Male) |
| 20:04 | Create | Villager (Male) |
| 20:09 | Create | Villager (Male) ×2 |
| 20:13 | Build | Farm |
| 20:19 | Create | Villager (Male) ×2 |
| 20:26 | Build | Farm |
| 20:27 | Build | Farm |
| 20:49 | Build | Farm |
| 20:55 | Build | Farm |
| 20:57 | Create | Villager (Male) ×4 |
| 20:57 | Create | Villager (Male) ×4 |
| 21:13 | Build | House |
| 21:18 | Create | Villager (Male) ×2 |
| 21:30 | Build | Monastery |
| 21:34 | Build | House |
| 21:34 | Build | House |
| 21:38 | Build | House |
| 21:40 | Build | House |
| 21:44 | Create | Villager (Male) ×4 |
| 21:44 | Create | Villager (Male) ×4 |
| 21:47 | Build | Farm |
| 21:48 | Build | Farm |
| 21:51 | Build | Farm |
| 22:00 | Build | Farm |
| 22:01 | Create | Villager (Male) ×3 |
| 22:07 | Build | Farm |
| 22:12 | Build | Farm |
| 22:12 | Build | Farm |
| 22:15 | Build | Farm |
| 22:17 | Create | Monk |
| 22:26 | Build | House |
| 22:28 | Build | House |
| 22:29 | Build | House |
| 22:32 | Build | House |
| 22:32 | Build | House |
| 22:36 | Research | Town Watch |
| 22:40 | Build | Farm |
| 22:52 | Create | Villager (Male) ×5 |
| 23:12 | Research | Wheelbarrow |
| 23:15 | Create | Villager (Male) ×2 |
| 23:53 | Build | Outpost |
| 23:58 | Research | Town Patrol |
| 23:59 | Create | Villager (Male) ×2 |
| 24:03 | Build | Outpost |
| 24:10 | Create | Villager (Male) ×2 |
| 24:10 | Create | Villager (Male) ×2 |
| 24:10 | Create | Villager (Male) ×2 |
| 24:20 | Build | Mill |
| 24:21 | Build | Farm |
| 24:21 | Build | Farm |
| 24:21 | Build | Farm |
| 24:22 | Build | Farm |
| 24:22 | Build | Farm |
| 24:24 | Build | Farm |
| 24:37 | Build | Lumber Camp |
| 24:43 | Research | Caravan |
Build order — jojobobo
First 150 of 603 actions detected
| 0:00 | Create | Villager (Male) |
| 0:01 | Create | Villager (Male) |
| 0:01 | Create | Villager (Male) |
| 0:02 | Create | Villager (Male) |
| 0:03 | Build | House |
| 0:04 | Build | House |
| 1:38 | Create | Villager (Male) |
| 2:12 | Create | Villager (Male) |
| 2:12 | Create | Villager (Male) |
| 2:28 | Build | Lumber Camp |
| 3:10 | Create | Villager (Male) |
| 3:11 | Create | Villager (Male) |
| 3:54 | Create | Villager (Male) |
| 4:13 | Create | Villager (Male) |
| 4:54 | Create | Villager (Male) |
| 4:54 | Create | Villager (Male) |
| 5:02 | Build | House |
| 5:41 | Build | Mill |
| 5:44 | Create | Villager (Male) |
| 5:45 | Create | Villager (Male) |
| 6:30 | Create | Villager (Male) |
| 6:47 | Build | Mill |
| 6:57 | Create | Villager (Male) |
| 6:58 | Create | Villager (Male) |
| 7:40 | Build | House |
| 7:47 | Create | Villager (Male) |
| 7:47 | Create | Villager (Male) |
| 8:27 | Create | Villager (Male) |
| 8:28 | Create | Villager (Male) |
| 8:29 | Create | Villager (Male) |
| 8:29 | Create | Villager (Male) |
| 8:30 | Create | Villager (Male) |
| 9:48 | Research | Feudal Age |
| 9:59 | Build | Farm |
| 9:59 | Build | Farm |
| 9:59 | Build | Farm |
| 10:27 | Build | Mill |
| 10:40 | Build | Mining Camp |
| 10:49 | Create | Villager (Male) |
| 10:49 | Create | Villager (Male) |
| 12:22 | Build | Farm |
| 12:22 | Build | Farm |
| 12:22 | Build | Farm |
| 12:22 | Build | Farm |
| 12:40 | Research | Loom |
| 12:42 | Create | Villager (Male) |
| 12:43 | Create | Villager (Male) |
| 12:55 | Age | Feudal Age |
| 13:16 | Build | Market |
| 13:22 | Build | Blacksmith |
| 13:26 | Build | House |
| 13:34 | Research | Town Watch |
| 13:35 | Create | Villager (Male) |
| 13:35 | Create | Villager (Male) |
| 14:00 | Create | Villager (Male) |
| 14:04 | Research | Horse Collar |
| 14:20 | Research | Castle Age |
| 14:20 | Research | Castle Age |
| 14:54 | Build | House |
| 16:04 | Create | Villager (Male) |
| 16:04 | Create | Villager (Male) |
| 16:17 | Research | Double-Bit Axe |
| 16:17 | Research | Double-Bit Axe |
| 16:17 | Research | Double-Bit Axe |
| 16:20 | Research | Horse Collar |
| 16:21 | Research | Horse Collar |
| 16:30 | Build | Farm |
| 16:30 | Build | Farm |
| 17:06 | Age | Castle Age |
| 17:12 | Build | Town Center |
| 17:23 | Build | Town Center |
| 17:48 | Build | Farm |
| 17:48 | Build | Farm |
| 17:57 | Build | Farm |
| 18:09 | Create | Villager (Male) |
| 18:09 | Create | Villager (Male) |
| 18:10 | Create | Villager (Male) |
| 18:32 | Build | Farm |
| 18:32 | Build | Farm |
| 19:00 | Research | Heavy Plow |
| 19:00 | Research | Heavy Plow |
| 19:12 | Create | Villager (Male) |
| 19:12 | Create | Villager (Male) |
| 19:14 | Create | Villager (Male) |
| 19:14 | Create | Villager (Male) |
| 19:14 | Create | Villager (Male) |
| 19:33 | Create | Villager (Male) |
| 19:33 | Create | Villager (Male) |
| 19:39 | Create | Villager (Male) |
| 19:41 | Create | Villager (Male) |
| 19:51 | Build | Monastery |
| 19:55 | Build | Farm |
| 19:55 | Build | Farm |
| 19:56 | Build | Farm |
| 19:58 | Build | Farm |
| 20:13 | Build | House |
| 20:14 | Build | House |
| 20:14 | Build | House |
| 20:14 | Build | House |
| 20:16 | Build | House |
| 20:19 | Build | House |
| 20:25 | Build | Farm |
| 20:25 | Build | Farm |
| 20:31 | Create | Villager (Male) |
| 20:31 | Create | Villager (Male) |
| 20:33 | Create | Villager (Male) |
| 20:35 | Create | Villager (Male) |
| 20:41 | Build | Farm |
| 20:42 | Build | Farm |
| 20:49 | Create | Monk |
| 20:54 | Create | Villager (Male) |
| 20:54 | Create | Villager (Male) |
| 20:55 | Create | Villager (Male) |
| 20:55 | Create | Villager (Male) |
| 20:56 | Create | Villager (Male) |
| 20:56 | Create | Villager (Male) |
| 21:05 | Build | Farm |
| 21:05 | Build | Farm |
| 21:05 | Build | Farm |
| 21:05 | Build | Farm |
| 22:03 | Research | Wheelbarrow |
| 22:07 | Research | Wheelbarrow |
| 22:12 | Create | Villager (Male) |
| 22:12 | Create | Villager (Male) |
| 22:15 | Create | Villager (Male) |
| 22:15 | Create | Villager (Male) |
| 22:26 | Build | Farm |
| 22:26 | Build | Farm |
| 22:26 | Build | Farm |
| 22:26 | Build | Farm |
| 22:27 | Build | Farm |
| 22:39 | Create | Villager (Male) |
| 22:39 | Create | Villager (Male) |
| 22:51 | Build | Farm |
| 22:51 | Build | Farm |
| 22:51 | Build | Farm |
| 22:52 | Build | Farm |
| 22:52 | Build | Farm |
| 22:52 | Build | Farm |
| 22:52 | Build | Farm |
| 22:52 | Build | Farm |
| 22:52 | Build | Farm |
| 22:52 | Build | Farm |
| 23:06 | Create | Villager (Male) |
| 23:09 | Research | Bow Saw |
| 23:13 | Create | Villager (Male) |
| 23:13 | Create | Villager (Male) |
| 23:21 | Build | House |
| 23:22 | Build | House |
| 23:22 | Build | House |
Build order — Bastian
First 150 of 585 actions detected
| 0:11 | Create | Villager (Male) ×4 |
| 0:15 | Build | House |
| 0:17 | Build | House |
| 0:39 | Research | Loom |
| 1:33 | Create | Villager (Male) |
| 1:33 | Create | Villager (Male) |
| 2:11 | Create | Villager (Male) |
| 2:30 | Create | Villager (Male) |
| 2:30 | Create | Villager (Male) |
| 2:50 | Build | Lumber Camp |
| 3:21 | Create | Villager (Male) |
| 3:22 | Create | Villager (Male) |
| 3:45 | Create | Villager (Male) |
| 3:46 | Build | House |
| 4:37 | Create | Villager (Male) |
| 4:37 | Create | Villager (Male) |
| 4:38 | Create | Villager (Male) |
| 5:21 | Build | Mill |
| 5:47 | Create | Villager (Male) |
| 5:55 | Create | Villager (Male) |
| 6:21 | Build | House |
| 6:26 | Create | Villager (Male) |
| 6:47 | Create | Villager (Male) |
| 7:32 | Create | Villager (Male) |
| 7:33 | Create | Villager (Male) |
| 7:33 | Create | Villager (Male) |
| 7:50 | Create | Villager (Male) |
| 8:03 | Build | Mining Camp |
| 9:05 | Research | Feudal Age |
| 9:34 | Create | Villager (Male) |
| 9:34 | Create | Villager (Male) |
| 10:21 | Build | House |
| 11:22 | Age | Feudal Age |
| 11:26 | Build | Blacksmith |
| 11:27 | Build | Market |
| 12:24 | Research | Castle Age |
| 12:24 | Research | Castle Age |
| 13:06 | Research | Double-Bit Axe |
| 13:06 | Research | Double-Bit Axe |
| 14:11 | Build | Farm |
| 14:12 | Build | Farm |
| 14:22 | Build | Farm |
| 14:22 | Build | Farm |
| 14:22 | Build | Farm |
| 14:39 | Research | Horse Collar |
| 14:44 | Create | Villager (Male) |
| 14:57 | Build | Farm |
| 14:57 | Build | Farm |
| 15:04 | Age | Castle Age |
| 15:07 | Build | Town Center |
| 15:32 | Create | Villager (Male) |
| 15:43 | Build | Farm |
| 16:02 | Build | Town Center |
| 16:05 | Create | Villager (Male) |
| 16:13 | Create | Villager (Male) |
| 16:14 | Create | Villager (Male) |
| 16:29 | Create | Villager (Male) |
| 16:38 | Build | House |
| 16:44 | Build | House |
| 16:48 | Build | House |
| 16:49 | Create | Villager (Male) |
| 16:55 | Create | Villager (Male) |
| 16:55 | Create | Villager (Male) |
| 16:59 | Build | Farm |
| 17:07 | Build | Farm |
| 17:07 | Build | Farm |
| 17:09 | Create | Villager (Male) |
| 17:21 | Build | Farm |
| 17:22 | Build | Farm |
| 17:27 | Create | Villager (Male) |
| 17:33 | Create | Villager (Male) |
| 17:36 | Create | Villager (Male) |
| 17:40 | Build | Farm |
| 17:41 | Build | Farm |
| 17:42 | Build | Farm |
| 17:52 | Build | Farm |
| 17:56 | Create | Villager (Male) |
| 18:00 | Create | Villager (Male) |
| 18:12 | Create | Villager (Male) |
| 18:26 | Create | Villager (Male) |
| 18:28 | Create | Villager (Male) |
| 18:35 | Build | Farm |
| 18:35 | Build | Farm |
| 18:36 | Build | Farm |
| 18:37 | Build | Farm |
| 18:39 | Create | Villager (Male) |
| 18:40 | Create | Villager (Male) |
| 18:50 | Create | Villager (Male) |
| 18:53 | Create | Villager (Male) |
| 19:13 | Build | Farm |
| 19:13 | Build | Farm |
| 19:13 | Build | Farm |
| 19:13 | Build | Farm |
| 19:15 | Create | Villager (Male) |
| 19:18 | Create | Villager (Male) |
| 19:22 | Create | Villager (Male) |
| 19:36 | Create | Villager (Male) |
| 19:38 | Create | Villager (Male) |
| 19:40 | Create | Villager (Male) |
| 19:54 | Build | Farm |
| 19:55 | Build | Farm |
| 19:55 | Build | Farm |
| 19:55 | Build | Farm |
| 20:01 | Research | Wheelbarrow |
| 20:04 | Create | Villager (Male) |
| 20:11 | Create | Villager (Male) |
| 20:28 | Research | Bow Saw |
| 20:31 | Create | Villager (Male) |
| 20:39 | Build | House |
| 20:43 | Build | House |
| 20:45 | Build | House |
| 20:45 | Build | House |
| 20:45 | Build | House |
| 20:46 | Build | House |
| 20:49 | Create | Villager (Male) |
| 21:05 | Research | Heavy Plow |
| 21:06 | Create | Villager (Male) |
| 21:12 | Create | Villager (Male) |
| 21:35 | Build | Town Center |
| 21:37 | Create | Villager (Male) |
| 21:38 | Create | Villager (Male) |
| 21:39 | Create | Villager (Male) |
| 21:49 | Create | Villager (Male) |
| 21:49 | Create | Villager (Male) |
| 21:50 | Create | Villager (Male) |
| 21:52 | Create | Villager (Male) |
| 21:57 | Build | Monastery |
| 22:00 | Create | Villager (Male) |
| 22:00 | Create | Villager (Male) |
| 22:00 | Create | Villager (Male) |
| 22:01 | Create | Villager (Male) |
| 22:23 | Create | Villager (Male) |
| 22:23 | Create | Villager (Male) |
| 22:23 | Create | Villager (Male) |
| 22:24 | Create | Villager (Male) |
| 22:37 | Create | Villager (Male) |
| 22:38 | Create | Villager (Male) |
| 22:40 | Create | Villager (Male) |
| 22:45 | Research | Gold Mining |
| 22:53 | Create | Monk |
| 22:59 | Build | Farm |
| 22:59 | Build | Farm |
| 22:59 | Build | Farm |
| 23:15 | Build | Mill |
| 23:16 | Build | Farm |
| 23:16 | Build | Farm |
| 23:16 | Build | Farm |
| 23:16 | Build | Farm |
| 23:17 | Build | Farm |
| 23:17 | Build | Farm |
Match timeline
| 2:09 | Squirrel · wall_segment Palisade Wall x10 |
| 2:09 | SazaeSan · wall_segment Palisade Wall x13 |
| 3:17 | |CURSED| · wall_segment Palisade Wall x10 |
| 3:38 | Squirrel · wall_segment Palisade Wall x8 |
| 4:16 | Caroochen · wall_segment Palisade Wall x18 |
| 4:48 | Squirrel · wall_segment Palisade Wall x8 |
| 4:56 | SazaeSan · wall_segment Palisade Wall x11 |
| 5:27 | SazaeSan · wall_segment Palisade Wall x10 |
| 5:36 | Squirrel · wall_segment Palisade Wall x8 |
| 6:33 | Kamaboko Gonpachiro · wall_segment Palisade Wall x11 |
| 6:45 | SazaeSan · wall_segment Palisade Wall x13 |
| 6:45 | Kamaboko Gonpachiro · wall_segment Palisade Wall x1 |
| 6:51 | Kamaboko Gonpachiro · wall_segment Palisade Wall x1 |
| 7:32 | Kamaboko Gonpachiro · wall_segment Palisade Wall x1 |
| 8:48 | Kamaboko Gonpachiro · wall_segment Palisade Wall x11 |
| 9:56 | SazaeSan · wall_segment Palisade Wall x11 |
| 11:22 | Bastian · age_up feudal |
| 11:35 | SazaeSan · age_up feudal |
| 11:36 | Caroochen · age_up feudal |
| 12:21 | SazaeSan · wall_segment Palisade Wall x17 |
| 12:42 | Pneumonia Slayer · age_up feudal |
| 12:55 | jojobobo · age_up feudal |
| 13:31 | Kamaboko Gonpachiro · age_up feudal |
| 13:44 | Pneumonia Slayer · wall_segment Stone Wall x9 |
| 14:29 | |CURSED| · age_up feudal |
| 14:34 | Caroochen · wall_segment Stone Wall x12 |
| 14:45 | Squirrel · age_up feudal |
| 15:00 | Kamaboko Gonpachiro · wall_segment Stone Wall x11 |
| 15:04 | Bastian · age_up castle |
| 15:15 | Kamaboko Gonpachiro · wall_segment Stone Wall x11 |
| 15:21 | |CURSED| · wall_segment Stone Wall x12 |
| 15:36 | Squirrel · wall_segment Stone Wall x8 |
| 15:38 | SazaeSan · age_up castle |
| 15:59 | Squirrel · wall_segment Stone Wall x9 |
| 16:07 | Squirrel · first_market_sell 100 food |
| 17:06 | jojobobo · age_up castle |
| 17:26 | Kamaboko Gonpachiro · age_up castle |
| 18:09 | Pneumonia Slayer · age_up castle |
| 18:28 | |CURSED| · age_up castle |
| 18:48 | Squirrel · age_up castle |
| 19:51 | jojobobo · first_building Monastery |
| 21:10 | Caroochen · age_up castle |
| 21:30 | Squirrel · first_building Monastery |
| 21:40 | Caroochen · first_market_buy 100 stone |
| 21:57 | Bastian · first_building Monastery |
| 21:58 | Pneumonia Slayer · first_building Monastery |
| 23:26 | Kamaboko Gonpachiro · first_building Castle |
| 24:01 | SazaeSan · first_building Monastery |
| 25:15 | SazaeSan · wall_segment Stone Wall x7 |
| 26:10 | SazaeSan · wall_segment Stone Wall x1 |
| 26:17 | SazaeSan · wall_segment Stone Wall x11 |
| 26:44 | Pneumonia Slayer · first_building Castle |
| 27:05 | Caroochen · first_building Barracks |
| 27:40 | Kamaboko Gonpachiro · wall_segment Stone Wall x10 |
| 27:44 | Kamaboko Gonpachiro · wall_segment Stone Wall x4 |
| 28:05 | Squirrel · first_building Barracks |
| 28:31 | Bastian · first_building Barracks |
| 28:53 | SazaeSan · first_building Castle |
| 29:14 | Squirrel · wall_segment Stone Wall x15 |
| 29:24 | Pneumonia Slayer · first_market_sell 100 food |
| 29:33 | |CURSED| · first_building Monastery |
| 29:39 | jojobobo · first_building Castle |
| 30:01 | Pneumonia Slayer · wall_segment Stone Wall x8 |
| 30:39 | Caroochen · first_building Castle |
| 30:46 | Bastian · age_up imperial |
| 30:58 | Bastian · first_building Castle |
| 31:10 | jojobobo · first_building Barracks |
| 31:13 | jojobobo · first_building Siege Workshop |
| 31:19 | SazaeSan · first_building Siege Workshop |
| 31:27 | Squirrel · wall_segment Stone Wall x10 |
| 31:31 | jojobobo · age_up imperial |
| 31:43 | Bastian · first_building Siege Workshop |
| 31:46 | Pneumonia Slayer · first_building Siege Workshop |
| 31:48 | Caroochen · first_building Monastery |
| 31:49 | Kamaboko Gonpachiro · first_building Barracks |
| 31:58 | Kamaboko Gonpachiro · first_building Siege Workshop |
| 32:10 | Pneumonia Slayer · wall_segment Stone Wall x15 |
| 32:26 | Squirrel · first_building Castle |
| 32:32 | Kamaboko Gonpachiro · first_building Archery Range |
| 32:37 | Pneumonia Slayer · age_up imperial |
| 32:37 | jojobobo · first_building Stable |
| 32:38 | Bastian · first_market_sell 100 food |
| 32:40 | |CURSED| · first_building Castle |
| 32:44 | Kamaboko Gonpachiro · first_building Stable |
| 32:46 | Squirrel · first_building Archery Range |
| 32:55 | SazaeSan · first_building Barracks |
| 33:03 | Kamaboko Gonpachiro · age_up imperial |
| 33:31 | Kamaboko Gonpachiro · first_market_sell 100 food |
| 33:32 | Kamaboko Gonpachiro · first_market_buy 100 wood |
| 33:35 | Bastian · first_building Donjon |
| 33:41 | Pneumonia Slayer · wall_segment Stone Wall x15 |
| 33:58 | Squirrel · age_up imperial |
| 34:03 | Squirrel · first_market_buy 100 stone |
| 34:34 | Squirrel · first_building Stable |
| 34:59 | Kamaboko Gonpachiro · wall_segment Stone Wall x11 |
| 35:06 | Caroochen · first_building Archery Range |
| 35:07 | SazaeSan · wall_segment Stone Wall x20 |
| 35:08 | Kamaboko Gonpachiro · wall_segment Stone Wall x10 |
| 35:21 | |CURSED| · age_up imperial |
| 35:22 | Kamaboko Gonpachiro · wall_segment Stone Wall x12 |
| 35:24 | SazaeSan · age_up imperial |
| 35:42 | Caroochen · age_up imperial |
| 37:36 | Caroochen · first_building Stable |
| 38:29 | Kamaboko Gonpachiro · wall_segment Stone Wall x6 |
| 39:32 | Kamaboko Gonpachiro · wall_segment Stone Wall x9 |
| 42:08 | |CURSED| · first_building Barracks |
| 43:46 | Pneumonia Slayer · first_building Barracks |
| 44:24 | jojobobo · wall_segment Stone Wall x11 |
| 45:12 | Caroochen · first_market_sell 100 wood |
| 45:19 | |CURSED| · first_building Archery Range |
| 45:24 | Pneumonia Slayer · first_building Stable |
| 48:02 | |CURSED| · resign |
| 50:34 | SazaeSan · wall_segment Stone Wall x16 |
| 52:52 | Pneumonia Slayer · first_building Archery Range |
| 56:24 | Pneumonia Slayer · wall_segment Stone Wall x13 |
| 57:02 | Pneumonia Slayer · wall_segment Stone Wall x1 |
| 57:07 | Pneumonia Slayer · wall_segment Stone Wall x1 |
[ AI ANALYSIS · 1 CREDIT ]
What really happened in this match?
Wolo.gg analyzes every decision: build order, eco, micro, common mistakes by bracket. Personalized analysis on WhatsApp or Discord in 30 seconds.
Civ guide
Turks
Perfil
Jugador #11623830